 Dungeon Crawl Stone Soup version 0.20.0-6-gd3061e9 (webtiles) character file.

139 MDvedh the Ruffian (level 5, -1/44 HPs)
             Began as a Naga Transmuter on May 28, 2017.
             Slain by a white imp (2 damage)
             ... summoned by Natasha
             ... on level 3 of the Dungeon.
             The game lasted 00:07:31 (3342 turns).

MDvedh the Ruffian (Naga Transmuter)                Turns: 3342, Time: 00:07:32

Health: -1/44      AC:  4    Str: 11 (14) XL:     5   Next: 22%
Magic:  8/8        EV: 10    Int: 11 (13) God:
Gold:   112        SH:  0    Dex: 11      Spells: 2/8 levels left

rFire    . . .     SeeInvis +     - Unarmed
rCold    . . .     Gourm    .   (no shield)
rNeg     . . .     Faith    .   b - +0 robe
rPois    +         Spirit   .   (no helmet)
rElec    .         Reflect  .   k - +0 cloak
rCorr    .         Harm     .   i - +0 pair of gloves
MR       .....                  (no barding)
Stlth    +.........             (no amulet)
Regen    0.2/turn               (no ring)
MPRegen  0.2/turn               (no ring)

@: appendage (expiring), hasted, quick
A: horns 2, see invisible, deformed body, poison resistance, slowness 2, slow
metabolism 1, spit poison 1, AC +1
a: Spit Poison, End Transformation


You were on level 3 of the Dungeon.
You were hungry.
You had grown temporary horns.
You visited 1 branch of the dungeon, and saw 3 of its levels.

You collected 112 gold pieces.

Inventory:

Missiles
 a - 39 arrows
Armour
 b - a +0 robe (worn)
 g - a +0 helmet
 i - a +0 pair of gloves (worn)
 k - a +0 cloak (worn)
Jewellery
 l - an uncursed amulet of harm {unknown}
 m - an uncursed ring of protection from cold {unknown}
 t - a +6 ring of strength {unknown}
 w - a +5 amulet of reflection {unknown}
Scrolls
 f - a scroll of remove curse {unknown}
 h - a scroll of random uselessness {unknown}
 n - 5 scrolls of identify {unknown}
 o - 6 scrolls of teleportation {unknown}
 p - a scroll of enchant armour {unknown}
 q - a scroll of recharging {unknown}
 u - a scroll of fog {unknown}
Potions
 e - a potion of haste
 s - a potion of degeneration
 v - 2 potions of brilliance {unknown}
 x - a potion of ambrosia {unknown}
 z - a potion of might {unknown}
Books
 c - a book of Changes

   Spells                             Type                      Level
   a - Beastly Appendage              Transmutation                1
   b - Sticks to Snakes               Transmutation                2
   c - Spider Form                    Transmutation/Poison         3
   d - Ice Form                       Ice/Transmutation            4
   e - Blade Hands                    Transmutation                5
Comestibles
 d - 4 bread rations
 r - 2 fruits


   Skills:
 - Level 1.0 Fighting
 - Level 1.5 Dodging
 * Level 4.9 Unarmed Combat
 - Level 2.0 Spellcasting
 + Level 3.4 Transmutations


You had 2 spell levels left.
You knew the following spells:

 Your Spells              Type           Power        Failure   Level  Hunger
a - Beastly Appendage     Tmut           #.....       7%          1    ##.....
b - Sticks to Snakes      Tmut           #.......     11%         2    ###....
c - Spider Form           Tmut/Pois      #.........   41%         3    ####...


Dungeon Overview and Level Annotations

Branches:
Dungeon (3/15)

Altars:
Nemelex Xobeh

Annotations:
D:3 Jessica, Natasha


Innate Abilities, Weirdness & Mutations

You cannot wear boots.
Your serpentine skin is tough. (AC +1)
You have supernaturally acute eyesight. (SInv)
Armour fits poorly on your strangely shaped body.
Your system is resistant to poisons. (rPois)
You cover ground very slowly.
You have a slow metabolism.
You can spit poison.
You have a pair of horns on your head.


Message History

You kill the kobold!
Unknown command.
You feel yourself speed up.
Your transformation is almost over.
Natasha stares at you and mumbles some strange words.
The magic dart hits you!
* * * LOW HITPOINT WARNING * * *
You see here a kobold corpse.
Unknown command.
You feel better.
Natasha casts a spell.
Unknown command.
You closely miss Natasha.
Unknown command.
You hit Natasha.
Natasha is moderately wounded.
Natasha claws you!
* * * LOW HITPOINT WARNING * * *
The white imp hits you.
You die...

...............h.
#....?..........
#####...............
#...................
#............†......
#.......g...........
#.........@.#.(.....
#........#h##..###.#
#..........@5..#
##.........####.#
##>.........# .#
####.....†.....# .#
...).##...####.# .#
.#####...## #.# .#
##...## #.# .#
#.....# #.# .#
#.....# ##.#


You could see Natasha, a white imp, Jessica and a goblin.

Vanquished Creatures
  Natasha (D:3)
  3 adders
  2 oozes
  A worm (D:2)
  A dart slug (D:3)
  4 leopard geckos
  9 bats
  4 giant cockroaches (D:1)
  7 goblins
  6 hobgoblins
  7 jackals
  5 kobolds
  A quokka (D:3)
  2 ball pythons
  5 frilled lizards (D:1)
  12 rats
70 creatures vanquished.

Notes
Turn   | Place    | Note
-------+----------+-------------------------------------------
     0 | D:1      | MDvedh the Naga Transmuter began the quest for the Orb.
     0 | D:1      | Reached XP level 1. HP: 18/18 MP: 3/3
   420 | D:1      | Reached XP level 2. HP: 17/25 MP: 3/5
   424 | D:1      | Learned a level 2 spell: Sticks to Snakes
  1119 | D:1      | Reached XP level 3. HP: 23/31 MP: 6/6
  1781 | D:1      | Reached skill level 4 in Unarmed Combat
  1810 | D:2      | Learned a level 3 spell: Spider Form
  1894 | D:2      | Found a sparkling altar of Nemelex Xobeh.
  2194 | D:2      | Reached XP level 4. HP: 32/38 MP: 5/7
  3308 | D:3      | Noticed Natasha
  3329 | D:3      | Killed Natasha
  3329 | D:3      | Reached XP level 5. HP: 7/44 MP: 8/8
  3336 | D:3      | Noticed Jessica
  3336 | D:3      | Noticed Natasha
  3342 | D:3      | HP: 1/44 [Natasha (7)]
  3342 | D:3      | Slain by a white imp

Skill      XL: |  1  2  3  4 |
---------------+-------------+-----
Unarmed Combat | 4 |  4.9
Transmutations | 3 |  3.4
Fighting       | |  1.0
Dodging        | |  1.5
Spellcasting   | |  2.0

Action                   |  1- 3 |  4- 6 || total
-------------------------+-------+-------++-------
Melee: Unarmed           |   159 |   130 ||   289
       Punch             |     1 |       ||     1
       Headbutt          |     6 |     6 ||    12
 Cast: Beastly Appendage |     9 |     7 ||    16
 Abil: Spit Poison       |     2 |     6 ||     8
  Use: Potion            |       |     4 ||     4
 Stab: Sleeping          |     2 |       ||     2
  Eat: Chunk             |     3 |     1 ||     4
       Royal jelly       |       |     1 ||     1
Armor: Robe              |    49 |    75 ||   124
Dodge: Dodged            |    86 |   102 ||   188
